Map: Nightshade LE

Players

Tendistin

  • Race: Protoss Protoss
  • League: Gold
  • Spawn Location: 5:00

ViBE - Winner!

  • Race: Terran Terran
  • League: Platinum
  • Spawn Location: 11:00

VOD

Have the link to the VOD?

Description

Time

  • Played on: Dec. 10, 2019, 12:16 a.m.
  • Length: 13:16
Show
View Real Time Build Order
Export as new Build Order

Tendistin Protoss 

Build Orders: Zealot Archon 

Get SALT Encoding   

  12  0:00  Probe  
  13  0:12  Probe  
  14  0:20  Pylon  
  14  0:25  Probe  
  15  0:38  Probe  
  16  0:43  Gateway  
  16  0:49  Assimilator  
  16  0:52  Probe (Chrono Boost)  
  18  1:04  Probe (Chrono Boost)  
  18  1:10  Probe (Chrono Boost)  
  19  1:15  Pylon  
  19  1:18  Probe  
  20  1:29  Gateway  
  20  1:38  Probe, Assimilator  
  21  1:48  Cybernetics Core  
  21  1:59  Probe, Zealot (Chrono Boost)  
  23  2:17  Probe  
  24  2:22  Warp Gate (Chrono Boost)  
  24  2:24  Stalker (Chrono Boost)  
  26  2:30  Probe, Nexus  
  26  2:36  Assimilator  
  27  2:45  Pylon  
  27  2:51  Stalker  
  29  2:54  Probe  
  30  3:03  Sentry  
  32  3:07  Pylon  
  32  3:21  Probe  
  33  3:33  Probe, Stalker  
  33  3:34  Stalker  
  38  3:45  Probe (Chrono Boost), Gateway, Pylon  
  40  3:49  Probe (Chrono Boost)  
  40  3:57  Probe (Chrono Boost)  
  40  4:02  Probe (Chrono Boost)  
  42  4:05  Probe (Chrono Boost)  
  42  4:08  Gateway  
  43  4:16  Stalker  
  43  4:17  Stalker  
  47  4:33  Probe x2, Twilight Council  
  49  4:40  Pylon  
  49  4:45  Probe x2  
  51  4:57  Probe x2  
  53  5:09  Probe x2, Forge  
  53  5:11  Forge  
  55  5:16  Assimilator  
  55  5:17  Zealot  
  55  5:18  Assimilator, Zealot x2  
  62  5:21  Probe x2  
  63  5:28  Charge (Chrono Boost)  
  63  5:35  Probe  
  63  5:36  Probe, Templar Archives  
  63  5:40  Protoss Ground Weapons Level 1 (Chrono Boost)  
  63  5:41  Protoss Ground Armor Level 1 (Chrono Boost)  
  65  5:48  Probe  
  65  5:49  Zealot x2  
  70  5:50  Zealot  
  72  6:07  Psionic Storm  
  72  6:17  Nexus  
  72  6:20  High Templar  
  72  6:25  High Templar  
  76  6:26  Probe x2  
  76  6:30  Pylon  
  76  6:32  Archon  
  78  6:47  Robotics Facility  
  78  6:48  Probe  
  78  6:49  Pylon  
  79  6:56  Gateway  
  79  7:03  High Templar x2  
  79  7:07  Zealot x2  
  87  7:16  Pylon  
  87  7:21  Gateway x2  
  87  7:22  Gateway, Shield Battery  
  87  7:38  Observer (Chrono Boost)  
  88  7:45  Probe x3  
  88  7:47  Zealot x2  
  88  7:48  Zealot x2  
  99  8:00  Probe x3  
  99  8:02  Protoss Ground Weapons Level 2 (Chrono Boost)  
  99  8:03  Protoss Ground Armor Level 2 (Chrono Boost), Blink (Chrono Boost)  
  102  8:10  Gateway  
  102  8:11  Gateway  
  98  8:18  Immortal (Chrono Boost)  
  102  8:28  Zealot x4  
  102  8:29  Zealot x2  
  102  8:31  Robotics Facility  
  114  8:42  High Templar  
  116  8:54  Pylon  
  116  8:55  Pylon  
  116  8:57  Observer (Chrono Boost)  
  117  9:17  Warp Prism  
  117  9:19  Immortal  
  123  9:41  Stalker  
  123  9:42  Zealot, Stalker x2  
  123  9:43  Zealot  
  133  9:56  Nexus  
  133  9:58  Pylon  
  133  10:00  Pylon  
  133  10:02  Observer  
  133  10:17  Probe x3  
  136  10:29  Protoss Ground Weapons Level 3 (Chrono Boost), Immortal x2  
  136  10:30  Protoss Ground Armor Level 3 (Chrono Boost)  
  136  10:33  Gateway  
  144  10:39  High Templar x2  
  148  10:50  Probe  
  148  10:52  Assimilator  
  148  10:54  Pylon, Assimilator  
  148  10:56  Pylon  
  149  11:06  Gateway  
  149  11:08  Probe x3  
  152  11:25  Probe x3  
  144  11:44  Immortal x2  
  144  11:46  Zealot x4  
  160  11:47  High Templar x2  
  160  11:48  High Templar x3  
  170  12:01  Probe x3  
  172  12:05  Assimilator  
  173  12:08  Assimilator  
  150  12:31  Archon  
  150  12:36  Zealot x2  
  150  12:37  Zealot x5  
  116  12:38  Zealot x4  
Show
View Real Time Build Order
Export as new Build Order

ViBE Terran - Winner!

Build Orders: Reaper Expand, Mech 

Get SALT Encoding   

  12  0:02  SCV  
  13  0:14  SCV  
  13  0:19  Supply Depot  
  14  0:26  SCV  
  15  0:41  SCV  
  16  0:44  Barracks  
  16  0:47  Refinery  
  16  0:53  SCV  
  17  1:05  SCV  
  18  1:17  SCV  
  19  1:31  Reaper, Orbital Command  
  20  1:45  Command Center  
  20  2:01  SCV  
  20  2:03  Supply Depot  
  20  2:16  SCV  
  20  2:18  Factory  
  21  2:28  SCV  
  22  2:38  Barracks Tech Lab  
  22  2:40  SCV  
  22  2:43  Refinery  
  23  2:52  SCV  
  24  3:04  SCV  
  25  3:07  Orbital Command  
  25  3:11  Factory Tech Lab  
  25  3:16  SCV  
  25  3:19  Siege Tank  
  29  3:22  Command Center  
  29  3:28  SCV  
  29  3:30  Supply Depot  
  30  3:35  SCV  
  30  3:40  SCV  
  32  3:47  SCV  
  33  3:52  Siege Tank  
  33  3:53  SCV  
  37  3:56  Supply Depot  
  37  3:59  SCV  
  38  4:05  SCV  
  39  4:11  SCV  
  40  4:17  SCV  
  40  4:23  SCV  
  41  4:27  Factory  
  41  4:28  Factory  
  41  4:29  SCV  
  42  4:32  Siege Tank  
  42  4:35  SCV, Supply Depot  
  46  4:41  SCV  
  46  4:43  Supply Depot  
  48  4:47  SCV, Orbital Command  
  48  4:53  SCV  
  48  4:54  Armory  
  48  5:01  SCV  
  48  5:05  SCV  
  50  5:10  Refinery  
  50  5:13  SCV, Factory Reactor, Factory Tech Lab  
  51  5:20  SCV, Engineering Bay  
  52  5:22  SCV  
  52  5:25  SCV  
  54  5:32  SCV  
  54  5:33  Supply Depot x2  
  54  5:34  SCV  
  56  5:37  SCV  
  56  5:42  Thor  
  63  5:44  Hellbat  
  63  5:47  Refinery  
  65  6:02  Missile Turret  
  65  6:04  SCV x2, Missile Turret  
  65  6:05  SCV  
  68  6:11  Thor  
  68  6:17  SCV x2  
  68  6:18  SCV  
  77  6:25  Command Center  
  77  6:29  SCV x2  
  77  6:32  Thor  
  85  6:34  Hellbat  
  87  6:41  SCV x2  
  87  6:42  SCV  
  87  6:44  Hellbat  
  92  6:47  Terran Vehicle Weapons Level 1  
  92  6:53  SCV x2, Armory  
  92  6:54  SCV  
  95  7:02  Orbital Command  
  95  7:06  SCV x2  
  97  7:13  Thor  
  103  7:18  SCV x2  
  105  7:30  SCV  
  105  7:31  SCV x2  
  108  7:39  Refinery  
  108  7:41  Command Center  
  108  7:42  Thor, Refinery  
  108  7:43  Hellbat  
  108  7:44  Hellbat  
  118  7:59  Supply Depot  
  118  8:00  Supply Depot x2  
  118  8:01  Supply Depot, Terran Vehicle And Ship Armor Level 1  
  118  8:02  SCV x3  
  121  8:06  Hellbat  
  123  8:17  SCV  
  124  8:20  SCV, Thor  
  124  8:22  Supply Depot, Hellbat  
  124  8:24  Supply Depot  
  133  8:27  Thor  
  133  8:29  Hellbat  
  133  8:33  Factory  
  141  8:34  Factory  
  141  8:38  SCV x3  
  144  8:43  Hellbat  
  144  8:45  Missile Turret  
  144  8:47  Supply Depot  
  146  8:48  Supply Depot  
  146  8:54  Missile Turret, Command Center  
  146  8:57  Planetary Fortress  
  146  9:02  SCV x2  
  148  9:03  SCV  
  149  9:11  Missile Turret  
  149  9:21  Thor x2  
  149  9:23  Factory Tech Lab  
  161  9:24  Factory Reactor  
  161  9:26  SCV x3  
  164  9:34  Refinery  
  164  9:35  Refinery, Hellbat x2  
  164  9:38  SCV  
  169  9:42  Smart Servos  
  169  9:43  Infernal Pre-Igniter  
  169  9:45  Neosteel Armor  
  169  9:49  Terran Vehicle Weapons Level 2  
  171  9:53  Hellbat  
  171  9:56  Hellbat x2  
  175  10:00  Terran Vehicle And Ship Armor Level 2  
  175  10:02  Hellion x2  
  175  10:04  Hellbat  
  175  10:05  Hellbat  
  183  10:09  Command Center  
  183  10:21  Thor  
  183  10:22  Hellbat x2  
  193  10:28  Sensor Tower  
  193  10:34  Sensor Tower  
  193  10:35  Hellion x2  
  193  10:46  Sensor Tower  
  193  10:50  Planetary Fortress  
  193  10:58  Refinery  
  193  11:02  Refinery  
  193  11:07  Missile Turret, Factory x2  
  193  11:08  Factory  
  193  11:09  Factory  
  193  11:10  Factory  
  193  11:11  Factory  
  193  11:25  SCV x3, Hi-Sec Auto Tracking  
  192  11:30  SCV  
  187  11:42  Command Center  
  185  11:50  SCV x2  
  185  11:52  Factory Tech Lab x3  
  185  11:54  Factory Reactor x2, Factory Tech Lab  
  187  12:00  Thor x2  
  199  12:02  SCV  
  194  12:36  Hellbat x2  
  200  12:37  Hellbat  
  188  13:00  Missile Turret  
  188  13:05  Factory x2  
  188  13:06  Factory  
  188  13:08  Factory x2  
Tags
 
Add a new tag
Caveats
  • Supply blocks, unpowered buildings, or Contaminate may cause inaccurate times.
  • Supply counts are checked every 10 seconds.